 Dungeon Crawl Stone Soup version 0.32-a0-685-g93135e86f0 (webtiles) character file.

Game seed: 12441439660344120124

6 Goblin1989 the Ruffian (level 1, -1/15 HPs)
             Began as a Demonspawn Shapeshifter on Mar 12, 2024.
             Slain by a rat (2 damage)
             ... on level 1 of the Dungeon.
             The game lasted 00:00:24 (97 turns).

Goblin1989 the Ruffian (Demonspawn Shapeshifter)      Turns: 97, Time: 00:00:25

Health: -1/15      AC:  2    Str: 14    XL:     1   Next: 75%
Magic:  1/1        EV:  2    Int: 10    God:
Gold:   15         SH:  0    Dex: 12    Spells: 0/0 levels left

rFire   . .          .
                       - Unarmed
rCold   . . .        (no shield)
rNeg    . . .        a - +0 animal skin
rPois   .            (helmet currently unavailable)
rElec   .            (cloak currently unavailable)
rCorr   .            (gloves currently unavailable)
SInv    .            (boots currently unavailable)
Will    .....        (no amulet)
Stlth   +            (no ring)
HPRegen 0.22/turn    (no ring)
MPRegen 0.07/turn

%: no passive effects
@: beast-form, constricted
A: beast (slay +1)
a: Begin Untransformation


You were on level 1 of the Dungeon.
You were a hulking beast.
You visited 1 branch of the dungeon, and saw 1 of its levels.

You collected 15 gold pieces.

Inventory:

Missiles
 e - 3 darts of dispersal (quivered)
Armour
 a - a +0 animal skin (worn)
Talismans
 c - a beast talisman (active)
 d - a flux talisman
Potions
 b - a potion of lignification
 f - a potion of curing {unknown}


   Skills:
 - Level 1.0 Fighting
 - Level 1.7 Dodging
 + Level 2.9 Unarmed Combat
 + Level 2.8 Shapeshifting


You couldn't memorise any spells.
You didn't know any spells.
Your spell library was empty.

Dungeon Overview and Level Annotations

Branches:
Dungeon (1/15) Zot: 5902

Altars:


Message History

No target in view!
HP restored.
You now have 15 gold pieces.
Found a stone staircase leading down.
Health restored: 15 A rat comes into view.
The rat squeaks loudly.
There is a stone staircase leading down here.
A rat is nearby!
A goblin comes into view. It is wielding a +0 dagger.
Found a stone staircase leading down.
The goblin shouts!
The rat closely misses you.
A rat comes into view.
The rat squeaks loudly.
You hit the rat.
The rat is moderately wounded.
You hear an angry hiss.
The rat bites you but does no damage.
You hit the rat.
You kill the rat!
The goblin hits you but does no damage.
You closely miss the goblin. The goblin hits you with a +0 dagger.
You take 3 damage, and have 12/15 hp.
You miss the goblin. The goblin closely misses you.
You hit the goblin.
The goblin is heavily wounded.
The goblin hits you with a +0 dagger.
You take 2 damage, and have 11/15 hp.
You closely miss the goblin.
The goblin is heavily wounded.
The goblin closely misses you.
You hit the goblin.
You kill the goblin!
The rat misses you.
You hit the rat but do no damage. The rat barely misses you.
You hit the rat.
You kill the rat!
A frilled lizard comes into view.
You see here a rat corpse.
The frilled lizard hisses angrily.
The frilled lizard barely misses you.
You hit the frilled lizard.
You kill the frilled lizard!
No target in view!
No target in view!
No target in view!
No target in view!
No target in view!
No target in view!
No target in view!
No target in view!
No target in view!
No target in view!
A rat comes into view.
Health restored: 15 A rat is nearby!
A rat is nearby!
A kobold comes into view. It is wielding a +0 short sword.
The kobold shouts!
A ball python comes into view.
Found 4 boomerangs.
The ball python hisses angrily.
The rat squeaks loudly.
The kobold hits you but does no damage.
You hit the kobold but do no damage.
The kobold hits you with a +0 short sword.
You take 3 damage, and have 12/15 hp.
You hit the kobold but do no damage.
The ball python bites you but does no damage.
The ball python grabs you. The ball python constricts you.
The kobold hits you but does no damage.
The ball python bites you but does no damage.
The ball python constricts you.
You take 2 damage, and have 10/15 hp.
You closely miss the ball python. The rat bites you but does no damage.
The kobold hits you with a +0 short sword.
The ball python bites you.
* * * LOW HITPOINT WARNING * * *
The ball python constricts you.
* * * LOW HITPOINT WARNING * * *
You are too injured to fight recklessly!
You are too injured to fight recklessly!
You are too injured to fight recklessly!
You take 6 damage, and have 4/15 hp.
MASSIVE DAMAGE!!
You are too injured to fight recklessly!
You are too injured to fight recklessly!
You are too injured to fight recklessly!
You are too injured to fight recklessly!
You are too injured to fight recklessly!
You are too injured to fight recklessly!
You are too injured to fight recklessly!
There are monsters nearby!
The ball python's grasp on you weakens, but your attempt to escape fails.
The ball python bites you.
* * * LOW HITPOINT WARNING * * *
The ball python constricts you.
* * * LOW HITPOINT WARNING * * *
The rat bites you.
You die...

█.. .. ███ .. █..
.███████ █.█ .......█
█.█ ██......█ █.
█.███..r....█
████.██████.█...hK....█
.........>....██.S....█
......██.████...██.(.█
.............███ █..█
██......██████ .█
█.......████████ .
██..†..█..†......
█...).†.█████████
█...█...█


You could see a ball python, a kobold and a rat.

Vanquished Creatures
  A dart slug (D:1)
  A goblin (D:1)
  A frilled lizard (D:1)
  2 rats (D:1)
5 creatures vanquished.

Notes
Turn   | Place    | Note
-------+----------+-------------------------------------------
     0 | D:1      | Goblin1989 the Demonspawn Shapeshifter began the quest for
                  | the Orb.
     0 | D:1      | Reached XP level 1. HP: 15/15 MP: 1/1
    97 | D:1      | Slain by a rat

Illustrated notes

Levels and vault maps discovered:
D:1:      dpeg_arrival_boxes_within_box, layout_rooms,
          chequers_serial_rivers_micro_a

Action                     || total
---------------------------++-------
  Melee: Unarmed           ||    16
 Armour: Animal skin       ||    19
  Dodge: Dodged            ||     7

Table legend: (Time is in decaauts)
 A = Elapsed time spent in this place.
 B = Non-inter-level travel time spent in this place.
 C = Inter-level travel time spent in this place.
 D = Time resting spent in this place.
 E = Time spent auto-exploring this place.
 F = Levels seen in this place.
 G = Mean time per level.
                   A        B        C        D        E       F      G
               +--------+--------+--------+--------+--------+-----+--------+
         Total |     96 |     96 |      0 |      0 |     56 |   1 |   96.0 |
       Dungeon |     96 |     96 |      0 |      0 |     56 |   1 |   96.0 |
               +--------+--------+--------+--------+--------+-----+--------+

Top non-repeatable levels by time:
     D:1: 96 daAuts
